 Seeded DCSS version 0.30.1 (webtiles) character file.

Game seed: 17240320426032667698 (custom seed)

126003 Sanktem7 the Severer (level 16, -12/152 HPs)
             Began as a Minotaur Fighter on July 11, 2023.
             Was the Champion of Okawaru.
             Hit by a silver javelin thrown by a merfolk javelineer (15 damage)
             ... on level 4 of the Shoals.
             The game lasted 00:50:21 (22497 turns).

Sanktem7 the Severer (Minotaur Fighter)            Turns: 22497, Time: 00:50:21

Health: -12/152    AC: 37    Str: 42    XL:     16   Next: 42%
Magic:  19/19      EV:  5    Int:  7    God:    Okawaru [******]
Gold:   3923       SH:  0    Dex: 18    Spells: 15/15 levels left

rFire   + + +        P - +10 broad axe "Diril" {heavy, rPois Str+5 Stlth-, axe}
rCold   + + .        w - +1 buckler of the Moon {Harm rC+ Str+2}
rNeg    . . .        X - +10 plate armour of Vexation {Regen+ Stlth+}
rPois   +            (helmet unavailable)
rElec   +            I - +2 cloak
rCorr   .            v - +2 pair of gloves
SInv    .            a - +1 pair of boots "Giggan" {*Slow +Inv rC+ Dex+2}
Will    +....        Q - amulet "Secyr" {rF++ Regen+ Int-4 Dex+3 Slay+3} Stlth
                     Z - ring of the Will of the Gods {+Blink rElec rF+ Int+6 Dex+3}
HPRegen 2.05/turn    D - +6 ring of strength
MPRegen 0.16/turn

%: slow self (1%), harm (+30% outgoing, +20% incoming)
@: lethally poisoned (-12 -> -32), engulfed (cannot breathe), held
A: horns 3, retaliatory headbutt, sense surroundings 1
a: Renounce Religion, Evoke Blink, Evoke Invisibility, Heroism, Finesse, Duel


You were on level 4 of the Shoals.
You worshipped Okawaru.
Okawaru was exalted by your worship.
You visited 6 branches of the dungeon, and saw 26 of its levels.
You also visited: Bailey, Gauntlet and Ice Cave.

You collected 4834 gold pieces.
You spent 911 gold pieces at shops.


Innate Abilities, Weirdness & Mutations

You have a pair of large horns on your head.
You reflexively headbutt those who attack you in melee.
You passively map a small area around you.


   Skills:
 + Level 16.7 Fighting
 - Level 18.0 Axes
 - Level 10.0 Throwing
 + Level 16.6 Armour
 + Level 16.6 Shields
 + Level 5.6 Invocations


You had 15 spell levels left.
You didn't know any spells.
Your spell library contained the following spells:

 Spells                   Type           Power      Damage    Failure   Level
 Apportation              Tloc           0%         N/A       83%         1
 Kiss of Death            Conj/Necr      0%         2d5       83%         1
 Magic Dart               Conj           0%         1d3       83%         1
 Blink                    Tloc           0%         N/A       93%         2
 Cigotuvi's Dreadful Rot  Necr/Pois/Air  0%         N/A       93%         2
 Lesser Beckoning         Tloc           0%         N/A       93%         2
 Momentum Strike          Conj/Tloc      0%         3d8       93%         2
 Static Discharge         Conj/Air       0%         2-2/arc   93%         2
 Confusing Touch          Hex            0%         N/A       99%         3
 Frozen Ramparts          Ice            0%         1d1       99%         3
 Gell's Gravitas          Tloc           0%         N/A       99%         3
 Hailstorm                Conj/Ice       0%         3d3       99%         3
 Mephitic Cloud           Conj/Pois/Air  0%         N/A       99%         3
 Ozocubu's Armour         Ice            0%         N/A       99%         3
 Portal Projectile        Hex/Tloc       0%         N/A       99%         3
 Stone Arrow              Conj/Erth      0%         3d7       99%         3
 Teleport Other           Tloc           0%         N/A       99%         3
 Vhi's Electric Charge    Tloc/Air       0%         N/A       99%         3
 Airstrike                Air            0%         2d(0-16)  100%        4
 Dispel Undead            Necr           0%         3d6       100%        4
 Ice Form                 Ice/Tmut       0%         N/A       100%        4
 Leda's Liquefaction      Hex/Erth       0%         N/A       100%        4
 Manifold Assault         Tloc           0%         N/A       100%        4
 Petrify                  Tmut/Erth      0%         N/A       100%        4
 Alistair's Intoxication  Tmut/Pois      0%         N/A       100%        5
 Arcjolt                  Conj/Air       0%         1d10      100%        5
 Borgnjor's Vile Clutch   Necr/Erth      0%         N/A       100%        5
 Metabolic Englaciation   Hex/Ice        0%         N/A       100%        5
 Dispersal                Tloc           0%         N/A       100%        6
 Plasma Beam              Fire/Air       0%         2x1d11    100%        6
 Ozocubu's Refrigeration  Ice            0%         4d7       100%        7
 Disjunction              Tloc           0%         N/A       100%        8
 Lehudib's Crystal Spear  Conj/Erth      0%         10d2      100%        8
 Call Imp                 Summ           Unusable   N/A       N/A         2
 Call Canine Familiar     Summ           Unusable   N/A       N/A         3
 Animate Dead             Necr           Unusable   N/A       N/A         4
 Summon Ice Beast         Ice/Summ       Unusable   N/A       N/A         4
 Summon Lightning Spire   Summ/Air       Unusable   N/A       N/A         4
 Death Channel            Necr           Unusable   N/A       N/A         6
 Simulacrum               Ice/Necr       Unusable   N/A       N/A         6

Inventory:

Hand Weapons
 c - a +6 broad axe of flaming {axe}
   (You bought it in a shop on level 5 of the Dungeon)
 P - the +10 broad axe "Diril" (weapon) {heavy, rPois Str+5 Stlth-, axe}
   (Okawaru gifted it to you on level 11 of the Dungeon)

   Str:       It affects your strength (+5).
   rPois:     It protects you from poison.
   Stlth:     It makes you less stealthy.
Missiles
 b - 15 boomerangs (quivered) {throwing}
 s - 11 stones {throwing}
 t - 4 javelins {throwing}
 M - 4 silver boomerangs {throwing}
 N - a boomerang of dispersal {=f!fthrowing}
 R - 6 silver javelins {throwing}
Armour
 a - the +1 pair of boots "Giggan" (worn) {*Slow +Inv rC+ Dex+2}
   (You found it on level 4 of the Lair of Beasts)

   Dex:       It affects your dexterity (+2).
   rC:        It protects you from cold.
   +Inv:      It lets you turn invisible.
   *Slow:     It may slow you when you take damage.
 v - a +2 pair of gloves (worn)
   (You found it on level 2 of the Dungeon)
 w - the +1 buckler of the Moon (worn) {Harm rC+ Str+2}
   (You found it on level 2 of the Dungeon)

   Str:       It affects your strength (+2).
   rC:        It protects you from cold.
   Harm:      It increases damage dealt and taken.
 I - a +2 cloak (worn)
   (You took it off Crazy Yiuf on level 6 of the Dungeon)
 X - the +10 plate armour of Vexation (worn) {Regen+ Stlth+}
   (Okawaru gifted it to you on level 4 of the Lair of Beasts)

   Regen:     It increases your rate of health regeneration.
   Stlth:     It makes you more stealthy.
Jewellery
 m - a ring of poison resistance
   (You found it on level 4 of the Lair of Beasts)
 D - a +6 ring of strength (right hand)
   (You found it on level 3 of the Dungeon)
 Q - the amulet "Secyr" (around neck) {rF++ Regen+ Int-4 Dex+3 Slay+3}
   (You acquired it on level 1 of the Shoals)

   [amulet of regeneration]

   Int:       It affects your intelligence (-4).
   Dex:       It affects your dexterity (+3).
   Slay:      It affects your accuracy & damage with ranged weapons and melee
   (+3).
   rF:        It greatly protects you from fire.
   Regen:     It increases your rate of health regeneration.
 Z - the ring of the Will of the Gods (left hand) {+Blink rElec rF+ Int+6 Dex+3}
   (You found it in a Gauntlet)

   [ring of intelligence]

   Int:       It affects your intelligence (+6).
   Dex:       It affects your dexterity (+3).
   rF:        It protects you from fire.
   rElec:     It insulates you from electricity.
   +Blink:    It lets you blink.
Wands
 e - a wand of flame (69)
   (You found it on level 7 of the Dungeon)
 k - a wand of digging (8)
   (You found it on level 8 of the Dungeon)
 l - a wand of charming (29)
   (You found it on level 8 of the Dungeon)
 x - a wand of roots (14)
   (You found it on level 10 of the Dungeon)
 L - a wand of light (11)
   (You took it off Ijyb on level 5 of the Dungeon)
 O - a wand of polymorph (27)
   (You found it on level 9 of the Dungeon)
Scrolls
 g - 8 scrolls of teleportation {@r4}
 p - 3 scrolls of fog
 u - 2 scrolls of amnesia
 B - a scroll of enchant weapon
 C - 3 scrolls of poison {!r}
 E - 3 scrolls of magic mapping {!r}
 F - 3 scrolls of butterflies
 G - 6 scrolls of identify {@r1}
 K - a scroll of brand weapon
 S - a scroll of fear
 U - 3 scrolls of vulnerability {!r!r}
 Y - a scroll of torment {!r}
Potions
 d - 13 potions of might
 f - 2 potions of invisibility
 h - 9 potions of cancellation
 i - 7 potions of curing {@q1}
 j - 3 potions of magic
 n - 7 potions of attraction {!q}
 q - 8 potions of brilliance
 r - 3 potions of resistance
 z - 3 potions of haste {@q3}
 A - 3 potions of degeneration {!q@e2}
 J - 7 potions of mutation {!q}
 V - 6 potions of ambrosia
Miscellaneous
 y - a condenser vane
   (You found it on level 10 of the Dungeon)

Dungeon Overview and Level Annotations

Branches:
Dungeon (13/15) Zot: 25865  Temple (1/1) D:7 Zot: 5973    Lair (5/5) D:11 Zot: 25344
 Shoals (4/4) Lair:3 Zot: 21590  Spider (0/4) Lair:3        Slime (0/5) Lair:4
    Orc (2/2) D:9 Zot: 9914     Elf (1/3) Orc:2 Zot: 5829  Bailey (visited)
  IceCv (visited)         Gauntlet (visited)
 Vaults: D:13-14

Altars:
Ashenzari
Cheibriados
Elyvilon
Gozag
Hepliaklqana
Makhleb
Nemelex Xobeh
Okawaru
Qazlal
Ru
Sif Muna
Trog
Uskayaw
Vehumet
Wu Jian
Xom
Yredelemnul

Shops:
D:3 (   D:5 (   D:6 [!?[   D:8 ?   D:11 *   D:13 *   Orc:2 ((([   Elf:1 [
Shoals:1 *   Shoals:2 *   Shoals:3 *!=

Annotations:
Lair:3 exclusion: 4 oklob plants

#~.....~≈≈≈≈≈≈~ , *
#~.....~≈≈≈≈≈≈~ ~~
#.......~≈≈≈≈≈
#~......~≈≈≈≈≈~ ~ , ,
, #............., *
,##.......# * ** *
#....).~)# * ,
#.#.##..Sm..)#~~#~ ,,
....~m.@.m.)~#~~E≈~
...~~m.HE...##~k#~#~~
* ~ PP.~~mmm....#


#Zw ~≈ #..~P~~.....# .#~ ~# #.~≈≈≈~.....## ..≈~ ~* .~~≈≈≈~......# .~ ~~*
~~≈≈~~~...!...# ..≈≈.~~.......# * ~~ .~~~~~.....).. You could see a merfolk
impaler, 2 merfolk javelineers, a sea snake, 4 merfolk, a manticore and a water
elemental.


Message History

The merfolk javelineer hits you from afar with a +0 spear.
* * * LOW HITPOINT WARNING * * *
😱 HP[+15]
You regained 15 hp, and now have 36/152 hp.
You feel much better.
A merfolk comes into view. It is wielding a +0 spear.
The merfolk throws a boomerang.
The boomerang hits you!
* * * LOW HITPOINT WARNING * * *
The sea snake bites you but does no damage.
The wind drake bites you but does no damage.
The merfolk impaler hits you but does no damage.
The manticore flicks its tail.
The volley of spikes hits you but does no damage.
The water elemental hits you.
The water elemental engulfs you in water!
The merfolk javelineer hits you from afar with a +0 spear.
* * * LOW HITPOINT WARNING * * *
The merfolk javelineer hits you but does no damage.
The merfolk impaler hits you but does no damage. 😨 HP[+8]
You regained 8 hp, and now have 44/152 hp.
You feel much better.
* * * LOW HITPOINT WARNING * * *
Your lungs strain for air!
A nearby plant withers and dies.
The sea snake bites you!
* * * LOW HITPOINT WARNING * * *
The wind drake bites you but does no damage.
The merfolk impaler hits you but does no damage.
The merfolk hits you from afar with a +0 spear.
* * * LOW HITPOINT WARNING * * *
The water elemental hits you.
* * * LOW HITPOINT WARNING * * *
The merfolk javelineer barely misses you.
The merfolk javelineer hits you but does no damage. 😨 HP[-5]
You take 5 damage, and now have 39/152 hp.
You struggle against the net.
* * * LOW HITPOINT WARNING * * *
Your lungs strain for air!
The wind drake bites you but does no damage.
The sea snake bites you but does no damage.
The merfolk hits you from afar with a +0 glaive!
* * * LOW HITPOINT WARNING * * *
The merfolk impaler hits you but does no damage.
The merfolk throws a boomerang.
The boomerang hits you.
* * * LOW HITPOINT WARNING * * *
The manticore bites you but does no damage.
The manticore claws you but does no damage. x2
The merfolk impaler hits you but does no damage.
The merfolk hits you but does no damage.
The water elemental hits you.
The wind drake bites you but does no damage.
The sea snake bites you.
* * * LOW HITPOINT WARNING * * *
The merfolk javelineer hits you from afar with a +0 spear.
* * * LOW HITPOINT WARNING * * *
The merfolk javelineer hits you but does no damage. 😱 HP[-23]
You take 23 damage, and now have 16/152 hp.
You feel much better.
* * * LOW HITPOINT WARNING * * *
Your lungs strain for air!
The merfolk hits you but does no damage. x2
The merfolk impaler hits you but does no damage.
The manticore barely misses you. You furiously retaliate!
You headbutt the manticore!!
The manticore claws you but does no damage. x2
The sea snake bites you but does no damage.
The merfolk hits you from afar with a +0 spear.
* * * LOW HITPOINT WARNING * * *
The water elemental closely misses you. The wind drake flaps its wings at you.
The air twists around and strikes you.
The merfolk javelineer hits you but does no damage. x2
The merfolk impaler hits you but does no damage. 😱 HP[+7]
You regained 7 hp, and now have 23/152 hp.
You feel better.
* * * LOW HITPOINT WARNING * * *
Your lungs strain for air!
The merfolk hits you but does no damage.
The merfolk throws a boomerang.
The boomerang hits you but does no damage.
The manticore bites you but does no damage.
The manticore barely misses you.
The manticore claws you but does no damage.
The sea snake bites you.
* * * LOW HITPOINT WARNING * * *
You are lethally poisoned!
The sea snake poisons you! The merfolk impaler barely misses you.
The wind drake completely misses you. You furiously retaliate!
You headbutt the wind drake!
You kill the wind drake!
Okawaru accepts your kill. The water elemental hits you.
The merfolk hits you from afar with a +0 spear!
* * * LOW HITPOINT WARNING * * *
The merfolk javelineer throws a silver javelin.
The silver javelin pierces through you!
You die...

Skill      XL: |  1  2  3  4  5  6  7  8  9 10 11 12 13 14 15 16 |
---------------+-------------------------------------------------+-----
Axes           | 3 4 5 6 7 8 10 12 13 15 17 18 | 18.0
Armour         | 4 5 6 7 9 10 11 12 14 16 | 16.6
Fighting       | 4 5 6 7 8 9 10 11 12 14 16 | 16.7
Shields        | 4 5 6 8 9 10 11 12 14 16 | 16.6
Throwing       | 2 3 5 6 7 8 9 10 | 10.0
Invocations    | 3 5 |  5.6

Action                     |  1- 3 |  4- 6 |  7- 9 | 10-12 | 13-15 | 16-18 || total
---------------------------+-------+-------+-------+-------+-------+-------++-------
  Melee: War axe           |    82 |    47 |   120 |       |       |       ||   249
         Headbutt          |     9 |     9 |    27 |    60 |   104 |    15 ||   224
         Broad axe         |       |       |    83 |   317 |   646 |    98 ||  1144
  Throw: Javelin           |       |       |       |       |    18 |       ||    18
         Boomerang         |       |       |       |       |       |    33 ||    33
    Use: Scroll            |       |       |    20 |     3 |    15 |       ||    38
         Potion            |       |       |       |       |     8 |     8 ||    16
   Stab: Distracted        |       |       |       |       |     1 |       ||     1
 Armour: Scale mail        |    28 |    20 |     5 |       |       |       ||    53
         Plate armour      |       |       |    85 |   148 |   425 |   158 ||   816
  Dodge: Dodged            |    49 |    36 |   141 |   131 |   270 |    63 ||   690
  Block: Buckler           |    13 |    20 |    58 |   160 |   472 |    71 ||   794
         Reflection        |       |       |       |     4 |    23 |       ||    27

Levels and vault maps discovered:
D:1:      dreamdust_arrival_sigmund_warning, layout_basic, serial_forest,
          infiniplex_forest_lined_2, infiniplex_forest_join,
          infiniplex_forest_end_3, infiniplex_forest_straight_4,
          infiniplex_forest_lined_4_way, infiniplex_forest_clump_double,
          infiniplex_forest_3_way, infiniplex_forest_zigzag_1,
          infiniplex_forest_clump_C
D:2:      layout_basic, minmay_misc_feat_tower, minmay_pentomino_p2
D:3:      layout_basic, chei_slow_surprise, mainiacjoe_overflow_24_doors,
          nicolae_overflow_crystal_walls, ashenzari_conservatory_becter,
          serial_shops, shop, serial_curves, eino_curves_02, eino_curves_01,
          hellmonk_no_cap
D:4:      layout_rooms, nicolae_wu_jian_wuxing_cycle
D:5:      layout_basic, serial_shops, nicolae_shop_peninsula,
          uniq_prince_ribbit1, uniq_ijyb, uniq_menkaure, uniq_blork_the_orc,
          uniq_eustachio
D:6:      layout_loops_cross, lemuel_tele_altar, serial_shops,
          nicolae_square_shop, nicolae_shop_just_a_little_nook,
          nicolae_shop_tiny_glass, shop, uniq_crazy_yiuf_cottage
D:7:      layout_loops_corners, minmay_temple_entry_glass, uniq_maggie
D:8:      layout_gridville, grunt_temple_overflow_cloverleaf, bloody_makhleb,
          serial_shops, nicolae_shop_hallway_stairs, enter_bailey_5,
          minmay_misc_feat_iff, kennysheep_kite_vault, uniq_pikel, uniq_joseph,
          uniq_grum
D:9:      layout_rooms, mainiacjoe_overflow_paths, david_orc_3
D:10:     layout_basic, kennysheep_generic_room_14
D:11:     layout_basic, dpeg_oklobed_lair, nicolae_elemental_shop
D:12:     layout_roguey
D:13:     layout_loops_ring, david_vaults_5, serial_shops,
          nicolae_shop_tiny_statue_garden, nemelex_spade_bored_becter
Temple:   zaba_magenta_temple
Lair:1:   layout_cave_pods
Lair:2:   layout_layer_cave, basic_altar, lemuel_fruit_tree,
          lemuel_fruit_fields, grunt_megastairs_4
Lair:3:   hangedman_what_comes_after_a, layout_regular_city,
          minmay_shoals_entry_lonely_mermaid, spider_nest_entry_rubble,
          small_statue_intersection
Lair:4:   layout_loops_ring, slime_entry_1, gauntlet_entry_generic, basic_altar
Lair:5:   hangedman_lair_tendril_chambers, layout_gridlike, uniq_kirke,
          uniq_josephine
Shoals:1: layout_shoals, nicolae_shop_clearance, uniq_frances
Shoals:2: layout_shoals, nicolae_shop_overcharged_wands
Shoals:3: layout_shoals, serial_shops, shop, shop_coins,
          nicolae_shop_overgrown_old_shop
Shoals:4: shoals_end_grunt_ice, layout_shoals, shoal_ilsuiw,
          nicolae_shop_gadgets, uniq_polyphemus
Orc:1:    layout_diamond_mine, portal_ice_cave_entry_pillars_1, uniq_gastronok
Orc:2:    st_orc_town, layout_diamond_mine, hangedman_minor_magic
Elf:1:    eino_elf_arrival_customs, layout_gridlike, serial_shops, shop,
          basic_altar, orc_legates

Notes
Turn   | Place    | Note
-------+----------+-------------------------------------------
     0 | D:1      | Sanktem7 the Minotaur Fighter began the quest for the Orb.
     0 | D:1      | Reached XP level 1. HP: 19/19 MP: 0/0
     0 | D:1      | magus.rc [v1.9.6]
   179 | D:1      | Reached XP level 2. HP: 23/27 MP: 1/1
   301 | D:1      | Reached skill level 3 in Axes
   394 | D:1      | Reached skill level 4 in Armour
   442 | D:1      | Reached skill level 4 in Fighting
   442 | D:1      | Reached XP level 3. HP: 33/33 MP: 2/2
   477 | D:1      | Reached skill level 4 in Shields
  1070 | D:2      | You pick up a book of Winter and begin reading...
  1070 | D:2      | You add the spells Ozocubu's Armour, Metabolic Englaciation
                  | and Simulacrum to your library.
  1139 | D:2      | Identified the +1 buckler of the Moon {Harm rC+ Str+2}
  1405 | D:3      | Found Dimaaxef's Weapon Shoppe.
  1473 | D:3      | Found a radiant altar of Vehumet.
  1490 | D:3      | Reached XP level 4. HP: 38/40 MP: 3/3
  1577 | D:3      | Reached skill level 4 in Axes
  1580 | D:3      | Reached XP level 5. HP: 24/47 MP: 4/4
  1912 | D:3      | Found a broken altar of Ashenzari.
  1965 | D:3      | Found a shimmering blue altar of Sif Muna.
  2107 | D:3      | You pick up a book of Spatial Translocations and begin
                  | reading...
  2107 | D:3      | You add the spells Blink, Momentum Strike and Lesser
                  | Beckoning to your library.
  2139 | D:3      | Found a snail-covered altar of Cheibriados.
  2478 | D:4      | Noticed a black bear
  2484 | D:4      | Killed a black bear
  2485 | D:4      | Reached skill level 5 in Fighting
  2485 | D:4      | Reached skill level 5 in Axes
  2485 | D:4      | Reached skill level 5 in Shields
  2485 | D:4      | Reached XP level 6. HP: 45/56 MP: 5/5
  2535 | D:4      | Reached skill level 5 in Armour
  2723 | D:4      | Found an ornate altar of the Wu Jian Council.
  2740 | D:4      | Reached skill level 6 in Axes
  2740 | D:4      | Reached XP level 7. HP: 61/61 MP: 6/6
  2945 | D:5      | Entered Level 5 of the Dungeon
  2980 | D:5      | Reached skill level 1 in Throwing
  3144 | D:5      | Noticed Ijyb
  3151 | D:5      | Killed Ijyb
  3223 | D:5      | Noticed Menkaure
  3225 | D:5      | Killed Menkaure
  3257 | D:5      | Found Vesor's Weapon Boutique.
  3395 | D:5      | Reached skill level 2 in Throwing
  3433 | D:5      | Noticed Eustachio
  3439 | D:5      | Killed Eustachio
  3440 | D:5      | Reached skill level 6 in Fighting
  3440 | D:5      | Reached skill level 7 in Axes
  3440 | D:5      | Reached XP level 8. HP: 70/70 MP: 7/7
  3479 | D:5      | Noticed Prince Ribbit
  3487 | D:5      | Reached skill level 6 in Armour
  3487 | D:5      | Reached skill level 6 in Shields
  3496 | D:5      | Killed Prince Ribbit
  3687 | D:5      | Reached skill level 3 in Throwing
  3974 | D:5      | Noticed Blork the orc
  3981 | D:5      | Killed Blork the orc
  3982 | D:5      | Reached skill level 8 in Axes
  4030 | D:6      | Found Batsul's Magic Scroll Shoppe.
  4052 | D:6      | You pick up a book of the Tundra and begin reading...
  4052 | D:6      | You add the spells Hailstorm and Ice Form to your library.
  4204 | D:6      | Found Vemopp's Antique Armour Boutique.
  4222 | D:6      | Found Viniph's Distillery.
  4474 | D:6      | Reached skill level 7 in Fighting
  4474 | D:6      | Found a hide-covered altar of Uskayaw.
  4580 | D:6      | Found Galan's Armour Emporium.
  4726 | D:6      | Found a runed translucent door.
  4726 | D:6      | Noticed Crazy Yiuf
  4818 | D:6      | Killed Crazy Yiuf
  4819 | D:6      | Reached XP level 9. HP: 79/79 MP: 8/8
  4866 | D:5      | Bought a +4 broad axe of flaming for 379 gold pieces
  5005 | D:7      | Reached skill level 7 in Shields
  5090 | D:7      | Noticed Maggie
  5098 | D:7      | Killed Maggie
  5099 | D:7      | Reached skill level 9 in Axes
  5099 | D:7      | Reached skill level 4 in Throwing
  5099 | D:7      | Reached skill level 7 in Armour
  5382 | D:7      | Found a staircase to the Ecumenical Temple.
  5587 | Temple   | Entered the Ecumenical Temple
  5600 | Temple   | Became a worshipper of Warmaster Okawaru
  5863 | D:8      | Found Qesisen's Magic Scroll Boutique.
  5867 | D:8      | Bought a scroll of identify for 24 gold pieces
  5867 | D:8      | Bought a scroll of teleportation for 36 gold pieces
  5937 | D:8      | Found a flagged portal.
  5977 | Bailey   | Entered a bailey
  6094 | Bailey   | Reached skill level 10 in Axes
  6551 | D:8      | Found a bloodstained altar of Trog.
  6553 | D:8      | Found a basalt altar of Yredelemnul.
  6573 | D:8      | Found a shimmering altar of Xom.
  6618 | D:8      | Found a white marble altar of Elyvilon.
  6670 | D:8      | Reached * piety under Okawaru
  6671 | D:8      | Reached skill level 8 in Fighting
  6693 | D:8      | Noticed Grum
  6698 | D:8      | Killed Grum
  6699 | D:8      | Reached skill level 5 in Throwing
  6699 | D:8      | Reached skill level 8 in Shields
  6699 | D:8      | Reached XP level 10. HP: 88/88 MP: 9/9
  6725 | D:8      | Noticed Joseph
  6734 | D:8      | Killed Joseph
  6735 | D:8      | Reached skill level 8 in Armour
  6917 | D:8      | Noticed Pikel
  6920 | D:8      | Killed Pikel
  6920 | D:8      | Reached ** piety under Okawaru
  6921 | D:8      | Reached skill level 11 in Axes
  7064 | D:8      | Reached *** piety under Okawaru
  7205 | D:8      | Identified the +2 robe of Spite {Str+3}
  7325 | D:8      | Found a burning altar of Makhleb.
  7426 | D:9      | Noticed a two-headed ogre
  7432 | D:9      | Killed a two-headed ogre
  7433 | D:9      | Reached skill level 6 in Throwing
  7441 | D:9      | Noticed a two-headed ogre
  7447 | D:9      | Killed a two-headed ogre
  7447 | D:9      | Reached **** piety under Okawaru
  7448 | D:9      | Reached skill level 9 in Fighting
  7448 | D:9      | Reached skill level 12 in Axes
  7448 | D:9      | Reached skill level 9 in Armour
  7448 | D:9      | Reached skill level 9 in Shields
  7589 | D:9      | Noticed a two-headed ogre
  7590 | D:9      | Found a staircase to the Orcish Mines.
  7590 | D:9      | Noticed a two-headed ogre
  7595 | D:9      | Killed a two-headed ogre
  7595 | D:9      | Received a gift from Okawaru
  7596 | D:9      | Reached XP level 11. HP: 90/97 MP: 10/10
  7598 | D:9      | Killed a two-headed ogre
  7603 | D:9      | Received a gift from Okawaru
  7792 | D:9      | Found a sparkling altar of Nemelex Xobeh.
  7927 | D:9      | Reached ***** piety under Okawaru
  8234 | D:9      | Identified a scroll of acquirement
  8234 | D:9      | Acquired 913 gold pieces
  8237 | D:10     | Entered Level 10 of the Dungeon
  8415 | D:10     | You pick up a book of the Hunter and begin reading...
  8415 | D:10     | You add the spells Portal Projectile and Leda's
                  | Liquefaction to your library.
  9415 | D:11     | Received a gift from Okawaru
  9475 | D:11     | Reached skill level 13 in Axes
  9551 | D:11     | You pick up a book of Decay and begin reading...
  9551 | D:11     | You add the spells Cigotuvi's Dreadful Rot and Dispel
                  | Undead to your library.
  9581 | D:11     | You pick up a book of Storms and begin reading...
  9581 | D:11     | You add the spells Static Discharge and Airstrike to your
                  | library.
  9645 | D:11     | Reached skill level 7 in Throwing
  9652 | D:11     | Reached skill level 10 in Fighting
  9652 | D:11     | Received a gift from Okawaru
  9653 | D:11     | Reached skill level 10 in Shields
  9974 | D:11     | Noticed a red ugly thing
  9975 | D:11     | Found a staircase to the Lair.
  9979 | D:11     | Killed a red ugly thing
 10059 | D:11     | Noticed an oklob plant
 10069 | D:11     | Killed an oklob plant
 10069 | D:11     | Identified the +10 broad axe "Diril" {heavy, rPois Str+5
                  | Stlth-} (Okawaru gifted it to you on level 11 of the
                  | Dungeon)
 10069 | D:11     | Received a gift from Okawaru
 10070 | D:11     | Reached skill level 10 in Armour
 10235 | D:11     | Found Sugowk's Elemental Accessories.
 10631 | D:12     | Noticed a two-headed ogre
 10635 | D:12     | Killed a two-headed ogre
 10635 | D:12     | Identified the +3 war axe of the King {pain, Int+4}
                  | (Okawaru gifted it to you on level 12 of the Dungeon)
 10635 | D:12     | Received a gift from Okawaru
 10691 | D:12     | Reached XP level 12. HP: 105/107 MP: 11/11
 10765 | D:12     | Reached skill level 14 in Axes
 10902 | D:12     | Noticed a boulder beetle
 10912 | D:12     | Killed a boulder beetle
 10967 | D:12     | Noticed a two-headed ogre
 10971 | D:12     | Killed a two-headed ogre
 11093 | D:13     | Noticed a tengu warrior
 11099 | D:13     | Killed a tengu warrior
 11134 | D:13     | Reached skill level 8 in Throwing
 11339 | D:13     | Noticed a boulder beetle
 11364 | D:13     | Killed a boulder beetle
 11365 | D:13     | Reached skill level 11 in Fighting
 11415 | D:13     | Received a gift from Okawaru
 11438 | D:13     | Reached skill level 11 in Shields
 11567 | D:13     | Reached ****** piety under Okawaru
 11568 | D:13     | Reached skill level 11 in Armour
 11686 | D:13     | Found Qauhayz's Assorted Antiques.
 11790 | D:13     | Found a sparkling altar of Nemelex Xobeh.
 11868 | D:13     | Reached skill level 15 in Axes
 12050 | D:12     | Acquired 985 gold pieces
 12077 | Lair:1   | Entered Level 1 of the Lair of Beasts
 12334 | Lair:1   | Noticed a boulder beetle
 12339 | Lair:1   | Killed a boulder beetle
 12339 | Lair:1   | Identified the +1 chain mail of Weightlessness {*Slow +Inv
                  | Fly rPois} (Okawaru gifted it to you on level 1 of the Lair
                  | of Beasts)
 12339 | Lair:1   | Received a gift from Okawaru
 12434 | Lair:1   | Identified the +1 robe of Repulsion {Harm rF+}
 13198 | Lair:2   | Found a shimmering altar of Xom.
 13205 | Lair:2   | You pick up a book of Party Tricks and begin reading...
 13205 | Lair:2   | You add the spells Apportation and Alistair's Intoxication
                  | to your library.
 13362 | Lair:2   | Reached XP level 13. HP: 116/116 MP: 12/12
 13720 | Lair:3   | Found a hole to the Spider Nest.
 13797 | Lair:3   | Reached skill level 9 in Throwing
 13875 | Lair:3   | Reached skill level 16 in Axes
 13877 | Lair:3   | Reached skill level 12 in Fighting
 13884 | Lair:3   | Reached skill level 12 in Shields
 14005 | Lair:3   | You pick up a book of Displacement and begin reading...
 14005 | Lair:3   | You add the spells Gell's Gravitas and Teleport Other to
                  | your library.
 14116 | Lair:3   | Reached skill level 12 in Armour
 14118 | Lair:3   | Received a gift from Okawaru
 14365 | Lair:3   | Received a gift from Okawaru
 14474 | Lair:3   | Found a staircase to the Shoals.
 14699 | Lair:4   | Received a gift from Okawaru
 14717 | Lair:4   | Found a staircase to the Slime Pits.
 14719 | Lair:4   | Identified the +10 plate armour of Vexation {Regen+ Stlth+}
                  | (Okawaru gifted it to you on level 4 of the Lair of Beasts)
 14719 | Lair:4   | Received a gift from Okawaru
 14778 | Lair:4   | Found a gate leading to a gauntlet.
 14788 | Gauntlet | Entered a Gauntlet
 14788 | Gauntlet | Found a transporter.
 14788 | Gauntlet | Found a transporter.
 14819 | Gauntlet | Found a transporter.
 14821 | Gauntlet | Found a transporter.
 14827 | Gauntlet | Found a transporter.
 14828 | Gauntlet | Noticed a reaper
 14835 | Gauntlet | Found a transporter.
 14835 | Gauntlet | Found a transporter.
 14842 | Gauntlet | Found the +4 consecrated labrys {holy, Valiant Fragile Fly
                  | SInv}
 14844 | Gauntlet | Found a transporter.
 14844 | Gauntlet | Found a transporter.
 14848 | Gauntlet | Found a transporter.
 14865 | Gauntlet | Noticed a minotaur
 14882 | Gauntlet | Found a transporter.
 14904 | Gauntlet | Found a transporter.
 14943 | Gauntlet | Found a transporter.
 14959 | Gauntlet | Found a transporter.
 15063 | Gauntlet | Found a transporter.
 15080 | Gauntlet | Found a transporter.
 15214 | Gauntlet | You pick up a book of Unlife and begin reading...
 15266 | Gauntlet | Identified the ring of the Will of the Gods {+Blink rElec
                  | rF+ Int+6 Dex+3}
 15316 | Gauntlet | Reached skill level 17 in Axes
 15322 | Gauntlet | Identified the +2 hat of Obeuhobb {Rampage +Blink Str-4}
 15345 | Gauntlet | Killed a minotaur
 15362 | Gauntlet | Identified the +3 ring mail of Ciheatti {Rampage rF+++
                  | Str-2 Dex+3}
 15363 | Gauntlet | You add the spells Stone Arrow, Petrify and Lehudib's
                  | Crystal Spear to your library.
 15363 | Gauntlet | Got the Secrets of the Lithosphere
 15447 | Lair:4   | Reached XP level 14. HP: 127/127 MP: 13/13
 15477 | Lair:4   | Found an opulent altar of Gozag.
 15479 | Lair:4   | Identified the +1 pair of boots "Giggan" {*Slow +Inv rC+
                  | Dex+2}
 15509 | Lair:4   | You pick up a book of Lightning and begin reading...
 15509 | Lair:4   | You add the spells Vhi's Electric Charge, Arcjolt and
                  | Plasma Beam to your library.
 16071 | Lair:4   | Reached skill level 10 in Throwing
 16078 | Lair:5   | Entered Level 5 of the Lair of Beasts
 16148 | Lair:5   | Noticed Josephine
 16157 | Lair:5   | Killed Josephine
 16181 | Lair:5   | Reached skill level 13 in Fighting
 16187 | Lair:5   | Identified the +1 kite shield of Polish {Harm Regen+ rCorr
                  | Int-2} (Okawaru gifted it to you on level 5 of the Lair of
                  | Beasts)
 16187 | Lair:5   | Received a gift from Okawaru
 16201 | Lair:5   | Reached skill level 13 in Shields
 16221 | Lair:5   | Identified the +2 pair of gloves of the Maze {rF- rC- MP+9
                  | Dex+6}
 16246 | Lair:5   | Reached skill level 13 in Armour
 16607 | Lair:5   | You pick up a book of Touch and begin reading...
 16607 | Lair:5   | You add the spells Kiss of Death and Confusing Touch to
                  | your library.
 16702 | Lair:5   | Reached skill level 18 in Axes
 16846 | Lair:5   | Noticed Kirke
 16856 | Lair:5   | Killed Kirke
 16990 | Lair:5   | Identified the +4 great sword "Woafob" {drain, rElec rC+
                  | Will+}
 17130 | Lair:5   | Gained mutation: You passively map a small area around you.
                  | [potion of mutation]
 17130 | Lair:5   | Gained mutation: You have a pair of large horns on your
                  | head. [potion of mutation]
 17311 | Orc:1    | Entered Level 1 of the Orcish Mines
 17313 | Orc:1    | Found a frozen archway.
 17324 | IceCv    | Entered an ice cave
 17348 | IceCv    | Received a gift from Okawaru
 17397 | IceCv    | Reached skill level 14 in Fighting
 17423 | IceCv    | Reached skill level 14 in Shields
 17426 | IceCv    | Reached skill level 14 in Armour
 17460 | IceCv    | Noticed a frost giant
 17471 | IceCv    | Killed a frost giant
 17518 | IceCv    | Found the +4 skin of Zhor {*Englaciate rC+++ SInv}
 17527 | IceCv    | Got Sif Muna's Elucidation of the Crevasse
 17545 | IceCv    | Got the Atlas of Congelation
 18003 | Orc:1    | Noticed Gastronok
 18013 | Orc:1    | Killed Gastronok
 18014 | Orc:1    | Reached XP level 15. HP: 134/139 MP: 14/14
 18329 | Orc:2    | Entered Level 2 of the Orcish Mines
 18349 | Orc:2    | Received a gift from Okawaru
 18658 | Orc:2    | Found Ynipp's Weapon Shoppe.
 18658 | Orc:2    | Found Hanuf's Antique Weapon Boutique.
 18830 | Orc:2    | Found Pustarph's Armour Boutique.
 18854 | Orc:2    | Found Kaet's Antique Weapon Shoppe.
 18859 | Orc:2    | Reached skill level 15 in Fighting
 19043 | Orc:2    | Reached skill level 15 in Shields
 19051 | Orc:2    | Reached skill level 15 in Armour
 19275 | Orc:2    | Found a staircase to the Elven Halls.
 19444 | Orc:2    | You pick up a book of Minor Magic and begin reading...
 19444 | Orc:2    | You add the spells Magic Dart and Mephitic Cloud to your
                  | library.
 19446 | Orc:2    | You pick up a book of Minor Magic and begin reading...
 19860 | Elf:1    | Entered Level 1 of the Elven Halls
 19880 | Elf:1    | Received a gift from Okawaru
 19901 | Elf:1    | Found Vyuraxt's Armour Shoppe.
 19969 | Elf:1    | Identified the +6 hand axe "Nuroth" {heavy, Fragile Will+++
                  | Dex-4 Stlth+} (Okawaru gifted it to you on level 1 of the
                  | Elven Halls)
 19969 | Elf:1    | Received a gift from Okawaru
 19976 | Elf:1    | HP: 17/141 [something/shard of ice (37)]
 19977 | Elf:1    | HP: 7/141 [something (2)]
 19986 | Elf:1    | HP: 35/141 [something (1)]
 19990 | Elf:1    | HP: 1/141 [+3 vampiric glaive (28)]
 20314 | Shoals:1 | Entered Level 1 of the Shoals
 20325 | Shoals:1 | Noticed a kraken
 20326 | Shoals:1 | Reached skill level 1 in Invocations
 20454 | Shoals:1 | Reached skill level 2 in Invocations
 20494 | Shoals:1 | Killed a kraken
 20565 | Shoals:1 | Identified the +9 war axe of Guilt {spect, *Corrode +Blink
                  | MP+9 Str+6} (Okawaru gifted it to you on level 1 of the
                  | Shoals)
 20565 | Shoals:1 | Received a gift from Okawaru
 20671 | Shoals:1 | Found Gewkakhu's CLEARANCE SALE!.
 20679 | Shoals:1 | Bought a scroll of acquirement for 312 gold pieces
 20680 | Shoals:1 | Acquired the amulet "Secyr" {rF++ Regen+ Int-4 Dex+3
                  | Slay+3}
 20788 | Shoals:1 | Reached skill level 3 in Invocations
 21014 | Shoals:1 | Noticed Frances
 21022 | Shoals:1 | Killed Frances
 21023 | Shoals:1 | Reached skill level 16 in Fighting
 21296 | Shoals:2 | Reached skill level 16 in Shields
 21298 | Shoals:2 | Identified the scarf "Xoatuaps" {repulsion, Int+2} (Okawaru
                  | gifted it to you on level 2 of the Shoals)
 21298 | Shoals:2 | Received a gift from Okawaru
 21299 | Shoals:2 | Reached skill level 16 in Armour
 21427 | Shoals:2 | Reached XP level 16. HP: 151/151 MP: 17/17
 21452 | Shoals:2 | Reached skill level 4 in Invocations
 21606 | Shoals:2 | Found Linaer's Overcharged Wands.
 21820 | Shoals:3 | Found Hucymooc's Assorted Antiques.
 21849 | Shoals:3 | You pick up a book of the Warp and begin reading...
 21849 | Shoals:3 | You add the spells Manifold Assault, Dispersal and
                  | Disjunction to your library.
 22012 | Shoals:3 | Reached skill level 5 in Invocations
 22044 | Shoals:3 | Found Izirumut's Jewellery Boutique.
 22045 | Shoals:3 | Identified the +2 ring mail of Kikubaaqudgha, Baking
                  | {+Blink rPois rN+ rCorr}
 22117 | Shoals:3 | Found Tewamu's Distillery.
 22132 | Shoals:3 | Bought a potion of heal wounds for 80 gold pieces
 22132 | Shoals:3 | Bought a potion of heal wounds for 80 gold pieces
 22436 | Shoals:4 | Entered Level 4 of the Shoals
 22481 | Shoals:4 | HP: 21/152 [merfolk aquamancer/torrent of water (42)]
 22487 | Shoals:4 | HP: 24/152 [merfolk javelineer/silver javelin (24)]
 22492 | Shoals:4 | HP: 36/152 [merfolk javelineer/+0 spear (6)]
 22495 | Shoals:4 | HP: 16/152 [merfolk javelineer/+0 spear (4)]
 22497 | Shoals:4 | HP: 3/152 [merfolk/+0 spear[a merfolk impaler] (13)]
 22497 | Shoals:4 | Hit by a silver javelin thrown by a merfolk javelineer

Vanquished Creatures
  Gastronok (Orc:1)
  Frances (Shoals:1)
  A kraken (Shoals:1)
  Kirke (Lair:5)
  A frost giant (IceCv)
  A minotaur (Gauntlet)
  5 merfolk impalers
  3 merfolk javelineers
  Josephine (Lair:5)
  3 hydras
  2 catoblepae
  2 merfolk aquamancers
  8 two-headed ogres
  A dancing weapon (Elf:1)
  A merfolk avatar (Shoals:2)
  4 boulder beetles
  8 death yaks (IceCv)
  A tengu warrior (D:13)
  A satyr (Shoals:3)
  10 orc high priests
  A soul eater (Gauntlet)
  A deep elf knight (Elf:1)
  A fire crab (Gauntlet)
  4 sea snakes
  5 skysharks
  4 sixfirhies (Gauntlet)
  Pikel (D:8)
  A lindwurm (Lair:2)
  2 orc knights
  An oklob plant (D:11)
  16 harpies
  7 deep elf pyromancers
  5 deep elf zephyrmancers
  2 wolf spiders (Lair:5)
  An orc sorcerer (Orc:2)
  10 manticores
  3 cyclopes (D:12)
  7 fauns
  7 elephants (Lair:4)
  An ugly thing (D:11)
  8 merfolk sirens
  An ice statue (IceCv)
  A guardian serpent (Lair:5)
  Joseph (D:8)
  6 black mambas
  3 water nymphs
  3 gargoyles
  Maggie (D:7)
  16 cane toads
  A torpor snail (Lair:2)
  An unseen horror (D:10)
  7 rime drakes
  3 tengu conjurers (D:13)
  3 komodo dragons
  A queen bee (Lair:3)
  6 trolls
  3 hornets
  8 polar bears
  20 merfolk
  Prince Ribbit (D:5)
  2 wind drakes
  6 blink frogs (Lair:3)
  5 snapping turtles
  8 slime creatures
  A jumping spider (Lair:3)
  A vampire (D:10)
  4 water elementals
  7 wraiths
  39 yaks
  14 wyverns
  6 hogs (Lair:5)
  2 basilisks (Lair:3)
  2 steam dragons
  3 redbacks (Lair:5)
  4 fire bats (Gauntlet)
  3 vampire mosquitoes
  Eustachio (D:5)
  Grum (D:8)
  7 wargs
  Menkaure (D:5)
  A hell hound (Gauntlet)
  33 water moccasins
  An ice beast (D:7)
  2 sky beasts
  6 black bears
  A swamp drake (Orc:2)
  20 orc warriors
  3 ogres
  A centaur (D:5)
  29 wolves
  2 lemures (D:8)
  A phantom (D:5)
  2 kobold brigands
  Blork the orc (D:5)
  2 gnoll sergeants
  12 bullfrogs
  An earth elemental (Elf:1)
  3 scorpions
  5 wights (D:8)
  53 killer bees
  3 howler monkeys
  3 electric eels (D:11)
  A crimson imp (Orc:2)
  2 gnoll boudas
  An iron imp (Orc:2)
  31 orc priests
  A hound (D:4)
  Crazy Yiuf (D:6)
  2 jellies (D:8)
  9 sleepcaps
  3 iguanas
  16 orc wizards
  Ijyb (D:5)
  30 gnolls
  7 adders
  A river rat (Lair:3)
  6 shadow imps
  5 white imps
  3 ufetubi
  3 worms
  A dart slug (D:2)
  98 orcs
  6 endoplasms
  6 giant cockroaches
  8 goblins
  5 hobgoblins
  6 jackals
  7 kobolds
  3 quokkas (D:2)
  6 ball pythons
  4 bats (D:1)
  3 frilled lizards
  7 rats
  A tentacle (Shoals:1)
816 creatures vanquished.

Vanquished Creatures (others)
  A water elemental (Elf:1)
  A centaur (D:8)
  An orc wizard (D:13)
  3 orcs
  A goblin (D:2)
  9 tentacles
16 creatures vanquished.

Grand Total: 832 creatures vanquished

Table legend:
 A = Non-vault XP
 B = Vault XP
 C = Vault XP percentage of total XP
 D = Non-vault monster count
 E = Vault monster count
 F = Vault count percentage of total count
                 A         B        C        D         E       F
            +---------+---------+-------+---------+---------+-------
      Total |  105865 |   74437 |  41.3 |     478 |     337 |  41.3
            +---------+---------+-------+---------+---------+-------
        D:1 |      47 |       0 |   0.0 |      22 |       0 |   0.0
        D:2 |      45 |       2 |   4.3 |      19 |       1 |   5.0
        D:3 |      18 |     158 |  89.8 |       8 |       5 |  38.5
        D:4 |     502 |       0 |   0.0 |      18 |       0 |   0.0
        D:5 |     617 |     759 |  55.2 |      13 |       5 |  27.8
        D:6 |     614 |      41 |   6.3 |      26 |       1 |   3.7
        D:7 |     634 |     424 |  40.1 |      12 |       1 |   7.7
        D:8 |    1025 |    2817 |  73.3 |      16 |      25 |  61.0
        D:9 |    5285 |     412 |   7.2 |      29 |       8 |  21.6
       D:10 |    1253 |       0 |   0.0 |      10 |       0 |   0.0
       D:11 |    4035 |     595 |  12.9 |      32 |       1 |   3.0
       D:12 |    5420 |       0 |   0.0 |      10 |       0 |   0.0
       D:13 |    6408 |     174 |   2.6 |      20 |       1 |   4.8
     Lair:1 |    3829 |       0 |   0.0 |      18 |       0 |   0.0
     Lair:2 |    4829 |     147 |   3.0 |      27 |       1 |   3.6
     Lair:3 |    4478 |    7982 |  64.1 |      18 |      57 |  76.0
     Lair:4 |    8516 |       0 |   0.0 |      21 |       0 |   0.0
     Lair:5 |    4854 |   14222 |  74.6 |      12 |      47 |  79.7
   Shoals:1 |   17277 |    1534 |   8.2 |      28 |       1 |   3.4
   Shoals:2 |    9668 |       0 |   0.0 |      20 |       0 |   0.0
   Shoals:3 |   18344 |       0 |   0.0 |      38 |       0 |   0.0
   Shoals:4 |     235 |    4594 |  95.1 |       1 |       7 |  87.5
      Orc:1 |    2607 |    1570 |  37.6 |      26 |       1 |   3.7
      Orc:2 |    4730 |   10467 |  68.9 |      33 |      73 |  68.9
      Elf:1 |     595 |    7386 |  92.5 |       1 |      23 |  95.8
     Bailey |       0 |     323 | 100.0 |       0 |      26 | 100.0
      IceCv |       0 |   14263 | 100.0 |       0 |      37 | 100.0
   Gauntlet |       0 |    6567 | 100.0 |       0 |      16 | 100.0
            +---------+---------+-------+---------+---------+-------

Skill      XL: |  1  2  3  4  5  6  7  8  9 10 11 12 13 14 15 16 |
---------------+-------------------------------------------------+-----
Axes           | 3 4 5 6 7 8 10 12 13 15 17 18 | 18.0
Armour         | 4 5 6 7 9 10 11 12 14 16 | 16.6
Fighting       | 4 5 6 7 8 9 10 11 12 14 16 | 16.7
Shields        | 4 5 6 8 9 10 11 12 14 16 | 16.6
Throwing       | 2 3 5 6 7 8 9 10 | 10.0
Invocations    | 3 5 |  5.6

Action                     |  1- 3 |  4- 6 |  7- 9 | 10-12 | 13-15 | 16-18 || total
---------------------------+-------+-------+-------+-------+-------+-------++-------
  Melee: War axe           |    82 |    47 |   120 |       |       |       ||   249
         Headbutt          |     9 |     9 |    27 |    60 |   104 |    15 ||   224
         Broad axe         |       |       |    83 |   317 |   646 |    98 ||  1144
  Throw: Javelin           |       |       |       |       |    18 |       ||    18
         Boomerang         |       |       |       |       |       |    33 ||    33
    Use: Scroll            |       |       |    20 |     3 |    15 |       ||    38
         Potion            |       |       |       |       |     8 |     8 ||    16
   Stab: Distracted        |       |       |       |       |     1 |       ||     1
 Armour: Scale mail        |    28 |    20 |     5 |       |       |       ||    53
         Plate armour      |       |       |    85 |   148 |   425 |   158 ||   816
  Dodge: Dodged            |    49 |    36 |   141 |   131 |   270 |    63 ||   690
  Block: Buckler           |    13 |    20 |    58 |   160 |   472 |    71 ||   794
         Reflection        |       |       |       |     4 |    23 |       ||    27

Illustrated notes

Table legend:
 A = Kills in this place as a percentage of kills in the entire game.
 B = Kills by you in this place as a percentage of kills by you in the entire game.
 C = Kills by friends in this place as a percentage of kills by friends in the entire game.
 D = Other kills in this place as a percentage of other kills in the entire game.
 E = Experience gained in this place as a percentage of experience gained in the entire game.
 F = Experience gained in this place divided by the number of levels of this place that you have seen.
                   A       B       C       D       E      F
               +-------+-------+-------+-------+-------+----------------------
         Total | 100.0 | 100.0 |   N/A | 100.0 | 100.0 | 6217.3
       Dungeon |  34.7 |  34.6 |   N/A | 100.0 |  17.4 | 2406.5
          Lair |  24.7 |  24.7 |   N/A |   0.0 |  27.1 | 9771.4
        Shoals |  11.7 |  11.7 |   N/A |   0.0 |  28.6 | 12913.0
  Orcish Mines |  16.3 |  16.4 |   N/A |   0.0 |  10.7 | 9687.0
   Elven Halls |   2.9 |   3.0 |   N/A |   0.0 |   4.4 | 7981.0
        Bailey |   3.2 |   3.2 |   N/A |   0.0 |   0.2 | 323.0
      Ice Cave |   4.5 |   4.6 |   N/A |   0.0 |   7.9 | 14263.0
      Gauntlet |   2.0 |   2.0 |   N/A |   0.0 |   3.6 | 6567.0
               +-------+-------+-------+-------+-------+----------------------

Table legend: (Time is in decaauts)
 A = Elapsed time spent in this place.
 B = Non-inter-level travel time spent in this place.
 C = Inter-level travel time spent in this place.
 D = Time resting spent in this place.
 E = Time spent auto-exploring this place.
 F = Levels seen in this place.
 G = Mean time per level.
                   A        B        C        D        E       F      G
               +--------+--------+--------+--------+--------+-----+--------+
         Total |  22909 |  21762 |   1147 |    404 |  17031 |  29 |  790.0 |
       Dungeon |  11764 |  11317 |    447 |    300 |   9313 |  13 |  904.9 |
        Temple |     26 |     26 |      0 |      0 |      7 |   1 |   26.0 |
          Lair |   4655 |   4364 |    291 |      0 |   3570 |   5 |  931.0 |
        Shoals |   2408 |   2309 |     99 |      4 |   1695 |   4 |  602.0 |
  Orcish Mines |   2085 |   1776 |    309 |    100 |   1293 |   2 | 1042.5 |
   Elven Halls |    170 |    170 |      0 |      0 |      8 |   1 |  170.0 |
        Bailey |    516 |    516 |      0 |      0 |    405 |   1 |  516.0 |
      Ice Cave |    630 |    630 |      0 |      0 |    319 |   1 |  630.0 |
      Gauntlet |    651 |    651 |      0 |      0 |    421 |   1 |  651.0 |
               +--------+--------+--------+--------+--------+-----+--------+

Top non-repeatable levels by time:
   Orc:2: 1593 daAuts
    D:10: 1229 daAuts
    D:11: 1121 daAuts
  Lair:3: 1116 daAuts
     D:5: 1116 daAuts
  Lair:5: 1080 daAuts
     D:3: 1012 daAuts
     D:8: 980 daAuts
     D:7: 946 daAuts
     D:9: 906 daAuts
  Lair:1: 874 daAuts
Shoals:1: 870 daAuts
     D:6: 846 daAuts
    D:12: 828 daAuts
     D:1: 806 daAuts
